 Dungeon Sprint DCSS version 0.30-a0-528-g8c47a4955b (webtiles) character file.

Game seed: 11838171471804431562

2611 Darkkill the Grappler (level 9, -8/102 HPs)
             Began as a Troll Berserker on Dec 23, 2022.
             Was an Elder of Trog.
             Shot with an arrow by a centaur warrior (16 damage)
             ... in the Dungeon (Sprint III: "The Ten Rune Challenge").
             The game lasted 00:02:47 (1692 turns).

Darkkill the Grappler (Troll Berserker)             Turns: 1692, Time: 00:02:47

Health: -8/102     AC:  5    Str: 31    XL:     9   Next: 34%
Magic:  8/8        EV: 12    Int:  3    God:    Trog [****..]
Gold:   2225       SH:  0    Dex:  9    Spells: 8/8 levels left

rFire   . . .      SeeInvis .      - Unarmed
rCold   . . .      Faith    .    (no shield)
rNeg    . . .      Spirit   .    a - +0 animal skin
rPois   .          Reflect  .    (helmet restricted)
rElec   .          Harm     .    h - +0 cloak
rCorr   .          Rampage  .    (gloves unavailable)
Will    .....      NoTele   +    (boots unavailable)
Stlth   +                        (no amulet)
HPRegen 1.17/turn                (no ring)
MPRegen 0.11/turn                (no ring)

@: no status effects
A: large, unfitting armour, claws 3, regeneration 1, shaggy fur 1, tough skin 1
a: Renounce Religion, Berserk, Trog's Hand, Brothers in Arms


You were in the Dungeon.
You worshipped Trog.
Trog was greatly pleased with you.
You visited 1 branch You collected 2225 gold pieces.

Inventory:

Missiles
 j - 4 boomerangs (quivered)
Armour
 a - a +0 animal skin (worn)
 h - a +0 cloak (worn)
Wands
 i - a wand of iceblast (12)
Potions
 b - a potion of curing {@q1}
 c - 2 potions of heal wounds
 d - a potion of haste
 e - 2 potions of magic
 f - 2 potions of berserk rage
 k - a potion of might
 n - a potion of flight {unknown}


   Skills:
 + Level 10.9 Fighting
 + Level 10.9 Dodging
 + Level 12.9 Unarmed Combat


You had 8 spell levels left.
You didn't know any spells.
Your spell library was empty.

Dungeon Overview and Level Annotations

Branches:
Dungeon (1/1)

Altars:
Dithmenos
Elyvilon
Kikubaaqudgha
Okawaru
Ru
Sif Muna
Trog
Uskayaw
Vehumet
Wu Jian
Yredelemnul
Zin
The Shining One

Shops:
D (


Innate Abilities, Weirdness & Mutations

You are too large for most types of armour.
You have claws for hands.
Your natural rate of healing is unusually fast.
You are covered in fur. (AC +1)
You have tough skin. (AC +1)


Message History

Found 13 gold pieces.
You now have 150 gold pieces (gained 15).
You now have 163 gold pieces (gained 13).
There is an entrance to Laos Eri's Antique Weapon Shop here.
There is an entrance to Laos Eri's Antique Weapon Shop here.
There is an entrance to Laos Eri's Antique Weapon Shop here.
j - 3 boomerangs You now have 1036 gold pieces (gained 873).
Things that are here:
a +0 flail; a +0 ring mail; an orc corpse You now have 1040 gold pieces (gained 4).
Things that are here:
a +0 short sword of protection; a +0 ring mail; an orc corpse You now have 2225 gold pieces (gained 1185).
Items here: )))))) [[[[ ††.
j - 4 boomerangs (gained 1)
There is an open door to the Orcish Mines, spattered with blood here.
Things that are here:
a +0 whip; a +0 falchion; an orc corpse
Things that are here:
a +1 scimitar of flaming; a +2 robe of the Archmagi; the human corpse of Erica You enter the shallow water.
You open the door.
An earth elemental comes into view.
There is an open door here.
The earth elemental closely misses you.
You mangle the earth elemental!!
The earth elemental is moderately damaged.
You scratch the earth elemental.
The earth elemental is moderately damaged.
The earth elemental closely misses you.
You claw the earth elemental!
The earth elemental is heavily damaged.
You barely miss the earth elemental.
The earth elemental is heavily damaged.
The earth elemental hits you!!
You scratch the earth elemental.
The earth elemental is heavily damaged.
You mangle the earth elemental!!
You destroy the earth elemental!
Trog accepts your kill.
You start resting.
HP restored.
You open the door.
A centaur warrior and 2 centaurs come into view.
The centaur shouts!
The centaur warrior shouts!
The centaur shouts!
The centaur wields a +0 shortbow.
The centaur shoots an arrow.
The arrow hits you!
There is an open door here.
The centaur shoots an arrow.
The arrow hits you.
The centaur warrior wields a +0 longbow.
The centaur warrior shoots an arrow.
The arrow hits you!!
Your ogre goes berserk!
The centaur shoots an arrow.
The arrow closely misses you.
The centaur warrior shoots an arrow.
The arrow hits you!
The centaur shoots an arrow.
The arrow hits you!
You swap places.
Your ogre rages.
The centaur shoots an arrow.
The arrow barely misses your ogre. The arrow hits you!
The centaur warrior shoots an arrow.
The arrow hits your ogre!
Something hits your ogre but does no damage.
Something kicks your ogre but does no damage.
Your ogre hits the centaur warrior with a +0 giant club!!
Something hits your ogre! Something kicks your ogre.
Something barely misses your ogre. Something kicks your ogre.
Your ogre rages.
Unknown command.
Your ogre completely misses the centaur warrior.
The centaur warrior wields a +0 longbow.
The centaur warrior shoots an arrow.
The arrow hits your ogre!
The centaur warrior shoots an arrow.
The arrow barely misses your ogre. The arrow hits you!!
Your ogre closely misses the centaur warrior.
The centaur warrior unwields a +0 longbow.
The centaur warrior hits your ogre but does no damage.
The centaur warrior kicks your ogre.
Your ogre hits the centaur warrior with a +0 giant club!
The centaur warrior hits your ogre!
Your ogre dies!
Your ogre's corpse disappears in a puff of smoke!
The centaur wields a +0 shortbow.
The centaur shoots an arrow.
The arrow hits you!
* * * LOW HITPOINT WARNING * * *
The centaur warrior shouts!
Your iron troll goes berserk!
Trog will no longer gift you weapons.
The centaur warrior wields a +0 longbow.
The centaur warrior shoots an arrow.
The arrow closely misses you.
The centaur shoots an arrow.
The arrow hits you.
* * * LOW HITPOINT WARNING * * *
Blink to where?
Press: ? - help, Q - select action, (/) - cycle Dir - move target, p - iron troll
As you read the scroll of blinking, it crumbles to dust.
The centaur warrior shoots an arrow.
The arrow hits you!!
* * * LOW HITPOINT WARNING * * *
The centaur shoots an arrow.
The arrow hits you.
* * * LOW HITPOINT WARNING * * *
The centaur warrior shoots an arrow.
The arrow hits you!
You die...

'#'###)##.........##
........#))..)...∩.#
........#)#)##...#.#
.######'#§)##.#.##.#
.#
#...#)#############
.#
#...#))§~§'.#cc...+
##
#...#.#§§~#.#.#...#
.#
#...'.#§§.#.#§#.c.#
_#
+...#.#§§§#T@.#c..#
▓▓
▓▓▓▓▓▓▓▓▓▓▓▓▓▓▓▓▓▓#


You could see a centaur warrior (ally target), a centaur and a friendly iron
troll (summoned, berserk).

Vanquished Creatures
  A deep elf pyromancer (D)
  A shadow (D)
  An earth elemental (D)
  A necrophage (D)
  A water elemental (D)
  An orc priest (D)
  Crazy Yiuf (D)
  A jelly (D)
  Jessica (D)
  A wizard (D)
  A necromancer (D)
  3 humans (D)
  A kobold demonologist (D)
  2 rats (D)
17 creatures vanquished.

Vanquished Creatures (collateral kills)
  Erica (D)
  An orc knight (D)
  3 orc warriors (D)
  4 orc priests (D)
  9 orcs (D)
18 creatures vanquished.

Grand Total: 35 creatures vanquished

Notes
Turn   | Place    | Note
-------+----------+-------------------------------------------
     0 | D        | Darkkill the Troll Berserker began the quest for the Orb.
     0 | D        | Reached XP level 1. HP: 22/22 MP: 0/0
   219 | D        | Noticed Jessica
   221 | D        | Killed Jessica
   221 | D        | Reached ** piety under Trog
   222 | D        | Reached skill level 4 in Unarmed Combat
   222 | D        | Reached XP level 2. HP: 32/32 MP: 1/1
   253 | D        | Reached XP level 3. HP: 33/39 MP: 2/2
   265 | D        | Noticed Crazy Yiuf
   271 | D        | Killed Crazy Yiuf
   272 | D        | Reached skill level 5 in Unarmed Combat
   272 | D        | Reached XP level 4. HP: 49/49 MP: 3/3
   555 | D        | Noticed a water elemental
   557 | D        | Killed a water elemental
   558 | D        | Reached skill level 5 in Fighting
   558 | D        | Reached skill level 5 in Dodging
   558 | D        | Reached skill level 6 in Unarmed Combat
   892 | D        | Found a radiant altar of Vehumet.
   892 | D        | Found a shimmering blue altar of Sif Muna.
   892 | D        | Found an ancient bone altar of Kikubaaqudgha.
   892 | D        | Noticed a wizard
   894 | D        | Killed a wizard
   894 | D        | Reached *** piety under Trog
   895 | D        | Reached XP level 5. HP: 57/57 MP: 4/4
   899 | D        | Noticed a sun demon
  1256 | D        | Found a basalt altar of Yredelemnul.
  1256 | D        | Found a shadowy altar of Dithmenos.
  1256 | D        | Found a sacrificial altar of Ru.
  1258 | D        | Reached **** piety under Trog
  1259 | D        | Reached skill level 7 in Unarmed Combat
  1280 | D        | Found a glowing silver altar of Zin.
  1280 | D        | Found a glowing golden altar of the Shining One.
  1280 | D        | Found a white marble altar of Elyvilon.
  1281 | D        | Noticed a deep elf pyromancer
  1283 | D        | Noticed a fire elemental
  1283 | D        | Noticed a fire elemental
  1287 | D        | Killed a deep elf pyromancer
  1288 | D        | Reached skill level 9 in Unarmed Combat
  1288 | D        | Reached XP level 6. HP: 72/72 MP: 5/5
  1288 | D        | Reached XP level 7. HP: 80/80 MP: 6/6
  1424 | D        | Found a hide-covered altar of Uskayaw.
  1424 | D        | Found an iron altar of Okawaru.
  1424 | D        | Found a bloodstained altar of Trog.
  1424 | D        | Found an ornate altar of the Wu Jian Council.
  1424 | D        | Noticed a human
  1425 | D        | Noticed a human
  1432 | D        | Killed a human
  1433 | D        | Reached skill level 10 in Unarmed Combat
  1440 | D        | Killed a human
  1440 | D        | Reached ***** piety under Trog
  1495 | D        | Noticed a shadow
  1500 | D        | Killed a shadow
  1501 | D        | Reached XP level 8. HP: 62/92 MP: 7/7
  1538 | D        | Noticed Erica
  1548 | D        | Killed Erica
  1549 | D        | Reached skill level 10 in Dodging
  1549 | D        | Reached skill level 11 in Unarmed Combat
  1556 | D        | Received a gift from Trog
  1561 | D        | Noticed an orc knight
  1563 | D        | Reached skill level 10 in Fighting
  1563 | D        | Reached skill level 12 in Unarmed Combat
  1570 | D        | Killed an orc knight
  1571 | D        | Reached XP level 9. HP: 87/102 MP: 8/8
  1588 | D        | Found Laos Eri's Antique Weapon Shop.
  1681 | D        | Noticed a centaur warrior
  1692 | D        | HP: 10/102 [centaur warrior/arrow (20)]
  1692 | D        | Shot with an arrow by a centaur warrior

Illustrated notes

Levels and vault maps discovered:
D:        dungeon_sprint_mu [sprint_mu_entry_forest, sprint_mu_temple_rooms,
          sprint_mu_d1_horrors, sprint_mu_d2_genie, sprint_mu_d3_branching,
          sprint_mu_orc_legion, sprint_mu_elf_gauntlet, sprint_mu_hive_nellie,
          sprint_mu_lair_fedhas, sprint_mu_vaults_butterflies,
          sprint_mu_slime_circle, sprint_mu_swamp_cave, sprint_mu_snake_twists,
          sprint_mu_blade_basic, sprint_mu_crypt_fortress,
          sprint_mu_tomb_spiral, sprint_mu_vestibule_basic,
          sprint_mu_gehenna_hellfire, sprint_mu_dis_giant,
          sprint_mu_tartarus_statrot, sprint_mu_cocytus_islands, sprint_mu_zot1]

Skill      XL: |  1  2  3  4  5  6  7  8 |
---------------+-------------------------+-----
Fighting       | 3 4 5 8 9 10 | 10.9
Dodging        | 3 4 5 8 9 10 | 10.9
Unarmed Combat | 4 5 6 9 10 12 | 12.9

Action                   |  1- 3 |  4- 6 |  7- 9 || total
-------------------------+-------+-------+-------++-------
Melee: Unarmed           |    18 |    22 |    25 ||    65
       Punch             |       |     1 |     1 ||     2
Invok: Berserk           |     1 |     2 |     1 ||     4
       Brothers in Arms  |       |       |     5 ||     5
  Use: Scroll            |       |     4 |     1 ||     5
Armor: Animal skin       |     6 |     1 |     2 ||     9
Dodge: Dodged            |     5 |     8 |    14 ||    27

Table legend: (Time is in decaauts)
 A = Elapsed time spent in this place.
 B = Non-inter-level travel time spent in this place.
 C = Inter-level travel time spent in this place.
 D = Time resting spent in this place.
 E = Time spent auto-exploring this place.
 F = Levels seen in this place.
 G = Mean time per level.
                   A        B        C        D        E       F      G
               +--------+--------+--------+--------+--------+-----+--------+
         Total |   1718 |   1689 |     29 |   1333 |      0 |   1 | 1718.0 |
       Dungeon |   1718 |   1689 |     29 |   1333 |      0 |   1 | 1718.0 |
               +--------+--------+--------+--------+--------+-----+--------+

Top non-repeatable levels by time:
       D: 1718 daAuts

Table legend:
 A = Kills in this place as a percentage of kills in entire the game.
 B = Kills by you in this place as a percentage of kills by you in the entire game.
 C = Kills by friends in this place as a percentage of kills by friends in the entire game.
 D = Other kills in this place as a percentage of other kills in the entire game.
 E = Experience gained in this place as a percentage of experience gained in the entire game.
 F = Experience gained in this place divided by the number of levels of this place that you have seen.
                   A       B       C       D       E      F
               +-------+-------+-------+-------+-------+----------------------
         Total | 100.0 | 100.0 | 100.0 |   N/A | 100.0 | 3731.0
       Dungeon | 100.0 | 100.0 | 100.0 |   N/A | 100.0 | 3731.0
               +-------+-------+-------+-------+-------+----------------------
